 Dungeon Crawl Stone Soup version 0.28-a0-1412-gf95308ed99 (webtiles) character file.

Game seed: 9767426564425617846

555 Megalobster the Chopper (level 7, -1/60 HPs)
             Began as a Gnoll Cinder Acolyte on Jan 6, 2022.
             Was a Believer of Ignis.
             Slain by a gnoll (5 damage)
             ... on level 4 of the Dungeon.
             The game lasted 00:12:23 (4231 turns).

Megalobster the Chopper (Gnoll Cinder Acolyte)      Turns: 4231, Time: 00:12:23

Health: -1/60      AC: 10    Str: 22    XL:     7   Next: 30%
Magic:  11/12      EV: 12    Int: 13    God:    Ignis [**....]
Gold:   65         SH:  0    Dex:  7    Spells: 10/13 levels left

rFire   + . .      SeeInvis .   m - +4 quarterstaff (chaos)
rCold   + . .      Faith    .   (shield currently unavailable)
rNeg    . . .      Spirit   .   b - +0 robe
rPois   .          Reflect  .   (no helmet)
rElec   .          Harm     .   n - +0 cloak
rCorr   .          Rampage  .   (no gloves)
Will    .....                   (no boots)
Stlth   ++........              (no amulet)
HPRegen 0.20/turn               h - +6 ring of strength
MPRegen 0.13/turn               l - ring of protection from cold

@: about to teleport, fiery-armoured
A: fangs 1, strong nose, distributed training
a: Renounce Religion, Fiery Armour, Foxfire Swarm, Rising Flame


You were on level 4 of the Dungeon.
You worshipped Ignis.
Ignis was pleased with you.
You visited 1 branch of the dungeon, and saw 5 of its levels.

You collected 89 gold pieces.
You spent 24 gold pieces at shops.

Inventory:

Hand Weapons
 a - a -1 hand axe of flaming
 c - a +0 whip
 g - a +1 hand axe of freezing
 m - a +4 quarterstaff of chaos (weapon)
Missiles
 d - 182 stones (quivered)
Armour
 b - a +0 robe (worn)
 e - a +0 ring mail
 n - a +0 cloak (worn)
Jewellery
 h - a +6 ring of strength (left hand)
 l - a ring of protection from cold (right hand)
Scrolls
 k - a scroll of enchant weapon
Potions
 f - 2 potions of curing {@q1}
 i - 2 potions of lignification
 o - a potion of ambrosia {unknown}


   Skills:
 + Level 7.0 Fighting
 + Level 2.4 Short Blades
 + Level 2.4 Long Blades
 + Level 7.0 Axes
 + Level 2.4 Maces & Flails
 + Level 2.4 Polearms
 + Level 2.4 Staves
 + Level 2.4 Slings
 + Level 2.4 Bows
 + Level 2.4 Crossbows
 + Level 2.4 Throwing
 + Level 2.4 Armour
 + Level 2.4 Dodging
 + Level 2.4 Stealth
 + Level 2.4 Shields
 + Level 2.4 Unarmed Combat
 + Level 3.7 Spellcasting
 + Level 2.0 Conjurations
 + Level 2.0 Hexes
 + Level 2.0 Summonings
 + Level 2.0 Necromancy
 + Level 2.0 Translocations
 + Level 2.0 Transmutations
 + Level 5.8 Fire Magic
 + Level 2.0 Ice Magic
 + Level 2.0 Air Magic
 + Level 2.0 Earth Magic
 + Level 2.0 Poison Magic
 + Level 2.6 Invocations
 + Level 2.4 Evocations


You had 10 spell levels left.
You knew the following spells:

 Your Spells              Type           Power      Damage    Failure   Level
a - Scorch                Fire           34%        2d6       3%          2
b - Foxfire               Conj/Fire      48%        2x1d6     4%          1

Your spell library contained the following spells:

 Spells                   Type           Power      Damage    Failure   Level
 Sting                    Tmut/Pois      28%        1d4       10%         1
 Conjure Flame            Conj/Fire      12%        6-21      13%         3
 Inner Flame              Hex/Fire       12%        N/A       13%         3
 Poisonous Vapours        Pois/Air       14%        N/A       14%         2
 Flame Wave               Conj/Fire      12%        2d5       38%         4
 Olgreb's Toxic Radiance  Pois           7%         N/A       67%         4


Dungeon Overview and Level Annotations

Branches:
Dungeon (5/15)
 Temple: D:4-7

Altars:
Fedhas
Nemelex Xobeh

Shops:
D:2 ?


Innate Abilities, Weirdness & Mutations

You have very sharp teeth.
Your uncanny sense of smell can sniff out nearby items.
Your experience applies equally to all skills.


Message History

The gnoll is burned by your cloak of flames.
The gnoll is moderately wounded.
You climb downwards.
The orc shouts! x2; The orc wizard shouts!
The orc shouts! x2
The adder hisses angrily.
Found a mace.
There is a stone staircase leading up here.
You take 1 damage, and have 23/60 hp.
The gnoll barely misses you. The orc wizard casts a spell at you.
The magic dart hits you.
* * * LOW HITPOINT WARNING * * *
The orc hits you with a +0 war axe!
* * * LOW HITPOINT WARNING * * *
The orc is burned by your cloak of flames.
You kill the orc!
You climb upwards.
The gnoll hits you but does no damage.
There is a stone staircase leading down here.
You take 11 damage, and have 12/60 hp.
As you read the scroll of teleportation, it crumbles to dust.
You feel strangely unstable.
The gnoll hits you from afar with a +0 spear.
* * * LOW HITPOINT WARNING * * *
The gnoll hits you but does no damage.
The gnoll is burned by your cloak of flames.
The gnoll is severely wounded.
The gnoll hits you from afar with a +0 halberd.
* * * LOW HITPOINT WARNING * * *
The orc wizard barely misses you.
You take 6 damage, and have 6/60 hp.
Casting: Foxfire (safe; 4% risk of failure)
Confirm with . or Enter, or press ? or * to list all spells.
You conjure some foxfire!
The gnoll hits you from afar with a +0 spear.
* * * LOW HITPOINT WARNING * * *
The gnoll hits you but does no damage.
The gnoll is burned by your cloak of flames.
You kill the gnoll!
The gnoll hits you from afar with a +0 halberd.
You die...

##...........
######.)......####
.......)##.......#
....###<##.......#
##.
#.##.......####.#
#...............#
#..##.......####.#
##.##)og....#
..##@vg....#
#.#####.#### !.#
#)# #..####g##
#...(g.#
#...#...## ∆
..#...#..#
#...#...#..
..#...#...#o#


You could see an orc wizard and 2 gnolls.

Vanquished Creatures
  Eustachio (D:4)
  A wyvern zombie (D:4)
  A gnoll shaman (D:4)
  3 orc priests
  Crazy Yiuf (D:2)
  Terence (D:3)
  A hound skeleton (D:4)
  Robin (D:2)
  5 gnolls
  2 adders
  A worm (D:3)
  10 orcs
  4 bats
  5 endoplasms
  7 giant cockroaches
  6 goblins (D:2)
  10 hobgoblins
  A quokka (D:3)
  5 ball pythons
  12 frilled lizards
  5 kobolds
  5 rats
88 creatures vanquished.

Vanquished Creatures (others)
  24 foxfires
  19 plants (D:3)
43 creatures vanquished.

Grand Total: 131 creatures vanquished

Notes
Turn   | Place    | Note
-------+----------+-------------------------------------------
     0 | D:1      | Megalobster the Gnoll Cinder Acolyte began the quest for
                  | the Orb.
     0 | D:1      | Reached XP level 1. HP: 23/23 MP: 4/4
   163 | D:1      | Reached XP level 2. HP: 29/29 MP: 5/5
   965 | D:1      | Reached XP level 3. HP: 35/35 MP: 7/7
  1162 | D:2      | Noticed Robin
  1184 | D:2      | Killed Robin
  1185 | D:2      | Reached skill level 1 in Invocations
  1484 | D:2      | Reached skill level 1 in Short Blades
  1484 | D:2      | Reached skill level 1 in Long Blades
  1484 | D:2      | Reached skill level 1 in Maces & Flails
  1484 | D:2      | Reached skill level 1 in Polearms
  1484 | D:2      | Reached skill level 1 in Staves
  1484 | D:2      | Reached skill level 1 in Slings
  1484 | D:2      | Reached skill level 1 in Bows
  1484 | D:2      | Reached skill level 1 in Crossbows
  1484 | D:2      | Reached skill level 1 in Throwing
  1484 | D:2      | Reached skill level 1 in Armour
  1484 | D:2      | Reached skill level 1 in Dodging
  1484 | D:2      | Reached skill level 1 in Stealth
  1484 | D:2      | Reached skill level 1 in Shields
  1484 | D:2      | Reached skill level 1 in Unarmed Combat
  1484 | D:2      | Reached skill level 1 in Evocations
  1486 | D:2      | Reached XP level 4. HP: 29/41 MP: 8/8
  1760 | D:2      | Found a blossoming altar of Fedhas.
  1886 | D:2      | Found Degest's Magic Scroll Emporium.
  1896 | D:2      | Bought a scroll of identify for 24 gold pieces
  2248 | D:2      | Found a runed translucent door.
  2249 | D:2      | Noticed Crazy Yiuf
  2263 | D:2      | Killed Crazy Yiuf
  2264 | D:2      | Reached skill level 1 in Conjurations
  2264 | D:2      | Reached skill level 1 in Hexes
  2264 | D:2      | Reached skill level 1 in Summonings
  2264 | D:2      | Reached skill level 1 in Necromancy
  2264 | D:2      | Reached skill level 1 in Translocations
  2264 | D:2      | Reached skill level 1 in Transmutations
  2264 | D:2      | Reached skill level 1 in Ice Magic
  2264 | D:2      | Reached skill level 1 in Air Magic
  2264 | D:2      | Reached skill level 1 in Earth Magic
  2264 | D:2      | Reached skill level 1 in Poison Magic
  2264 | D:2      | Reached XP level 5. HP: 14/47 MP: 9/9
  3044 | D:3      | Found a sparkling altar of Nemelex Xobeh.
  3167 | D:3      | Learned a level 2 spell: Scorch
  3169 | D:3      | Learned a level 1 spell: Foxfire
  3406 | D:3      | Noticed Terence
  3418 | D:3      | Killed Terence
  3419 | D:3      | Reached XP level 6. HP: 47/53 MP: 8/11
  3531 | D:3      | Found a faded altar of an unknown god.
  3627 | D:4      | Noticed Eustachio
  3641 | D:4      | Killed Eustachio
  3813 | D:4      | Reached XP level 7. HP: 47/59 MP: 12/12
  4227 | D:5      | Entered Level 5 of the Dungeon
  4231 | D:4      | Slain by a gnoll

Illustrated notes

Levels and vault maps discovered:
D:1:      dpeg_arrival_solitude, layout_loops_corners, minmay_lizard_pond
D:2:      layout_basic, basic_altar, serial_shops, nicolae_diamond_shop,
          uniq_robin, uniq_crazy_yiuf_cottage
D:3:      layout_basic, nemelex_diamond_rough_becter,
          shapermc_ecumenical_altar_totnotflames, portal_sewer_entry_f,
          serial_bayou_lagoon_a, uniq_terence
D:4:      layout_loops_ring, minmay_temple_entry_statues_fountains,
          nicolae_stop_n_shop_2, hex_large, uniq_eustachio
D:5:      kennysheep_six_static_rooms, layout_loops_ring

Skill      XL: |  1  2  3  4  5  6  7 |
---------------+----------------------+-----
Invocations    | 1 2 |  2.6
Short Blades   | 1 2 |  2.4
Long Blades    | 1 2 |  2.4
Maces & Flails | 1 2 |  2.4
Polearms       | 1 2 |  2.4
Staves         | 1 2 |  2.4
Slings         | 1 2 |  2.4
Bows           | 1 2 |  2.4
Crossbows      | 1 2 |  2.4
Throwing       | 1 2 |  2.4
Armour         | 1 2 |  2.4
Dodging        | 1 2 |  2.4
Stealth        | 1 2 |  2.4
Shields        | 1 2 |  2.4
Unarmed Combat | 1 2 |  2.4
Evocations     | 1 2 |  2.4
Spellcasting   | 3 |  3.7
Conjurations   | 1 2 |  2.0
Hexes          | 1 2 |  2.0
Summonings     | 1 2 |  2.0
Necromancy     | 1 2 |  2.0
Translocations | 1 2 |  2.0
Transmutations | 1 2 |  2.0
Ice Magic      | 1 2 |  2.0
Air Magic      | 1 2 |  2.0
Earth Magic    | 1 2 |  2.0
Poison Magic   | 1 2 |  2.0
Fighting       | 7 |  7.0
Axes           | 7 |  7.0
Fire Magic     | |  5.8

Action                   |  1- 3 |  4- 6 |  7- 9 || total
-------------------------+-------+-------+-------++-------
Melee: Hand axe          |    86 |    44 |       ||   130
       Punch             |     3 |     1 |       ||     4
       Bite              |     6 |     9 |     2 ||    17
       Quarterstaff      |       |    63 |    16 ||    79
Throw: Stone             |     3 |       |       ||     3
 Cast: Foxfire           |       |     8 |     2 ||    10
Invok: Fiery Armour      |     3 |     1 |     1 ||     5
       Foxfire Swarm     |     1 |     1 |       ||     2
  Use: Potion            |     1 |     3 |       ||     4
       Scroll            |     1 |     4 |     1 ||     6
Armor: Robe              |    17 |    21 |     6 ||    44
       Skin              |       |    20 |       ||    20
Dodge: Dodged            |    47 |    53 |    14 ||   114

Table legend: (Time is in decaauts)
 A = Elapsed time spent in this place.
 B = Non-inter-level travel time spent in this place.
 C = Inter-level travel time spent in this place.
 D = Time resting spent in this place.
 E = Time spent auto-exploring this place.
 F = Levels seen in this place.
 G = Mean time per level.
                   A        B        C        D        E       F      G
               +--------+--------+--------+--------+--------+-----+--------+
         Total |   4254 |   4176 |     78 |   1361 |   2238 |   5 |  850.8 |
       Dungeon |   4254 |   4176 |     78 |   1361 |   2238 |   5 |  850.8 |
               +--------+--------+--------+--------+--------+-----+--------+

Top non-repeatable levels by time:
     D:2: 1535 daAuts
     D:3: 1057 daAuts
     D:1: 1051 daAuts
     D:4: 609 daAuts
     D:5: 1 daAuts
